 Dungeon Crawl Stone Soup version 0.29-a0-322-g68df515428 (webtiles) character file.

Game seed: 120769503724299847

186057 chopper the Severer (level 17, -29/148 (156) HPs)
             Began as a Minotaur Fighter on Apr 8, 2022.
             Was the Champion of Qazlal.
             Annihilated by a radroach (55 damage)
             ... on level 3 of the Spider Nest on Apr 10, 2022.
             The game lasted 06:27:53 (55746 turns).

chopper the Severer (Minotaur Fighter)             Turns: 55746, Time: 06:27:55

HP:   -29/148 (156) AC: 30    Str: 25      XL:     17   Next: 83%
MP:   16/16         EV: 12    Int:  3 (5)  God:    Qazlal [******]
Gold: 1289          SH: 19    Dex: 29      Spells: 15/16 levels left

rFire   . . .      SeeInvis .   U - +8 mithril axe "Arga" {speed, Will+}
rCold   . . .      Faith    .   c - +0 buckler
rNeg    . . .      Spirit   .   M - +4 plate armour
rPois   .          Reflect  .   G - +2 hat
rElec   .          Harm     .   (no cloak)
rCorr   .          Rampage  .   n - +2 pair of gloves {Str+3}
Will    ++...                   (no boots)
Stlth   ..........              (no amulet)
HPRegen 0.34/turn               F - +6 ring of dexterity
MPRegen 0.15/turn               T - +6 ring of dexterity

@: lethally poisoned (-29 -> -34), protected from physical damage, very slightly
contaminated, drained, repel missiles, unable to read
A: horns 2, retaliatory headbutt, inability to read while threatened
a: Renounce Religion, Upheaval, Elemental Force, Disaster Area


You were on level 3 of the Spider Nest.
You worshipped Qazlal.
Qazlal was exalted by your worship.
You visited 6 branches of the dungeon, and saw 29 of its levels.
You also visited: Sewer and Bailey.

You collected 3398 gold pieces.
You spent 2109 gold pieces at shops.

Inventory:

Hand Weapons
 a - a +4 war axe of flaming
 s - a +6 dagger of holy wrath
 C - the +6 spear of Untruth {elec, SInv}
   (You found it on level 4 of the Dungeon)

   It occasionally discharges a powerful burst of electricity upon striking a
   foe.
   SInv:      It lets you see invisible.
 I - a +1 broad axe of distortion
 U - the +8 mithril axe "Arga" (weapon) {speed, Will+}
   (You bought it in a shop on level 2 of the Orcish Mines)

   Attacks with this weapon are significantly faster.
   Will:      It increases your willpower.
Missiles
 b - 3 silver javelins (quivered)
 X - 2 boomerangs of dispersal
Armour
 c - a +0 buckler (worn)
 n - a +2 pair of gloves of strength (worn)
 w - a scarf of repulsion
 G - a +2 hat (worn)
 M - a +4 plate armour (worn)
Jewellery
 u - a ring of poison resistance
 F - a +6 ring of dexterity (left hand)
 H - a ring of willpower
 K - a ring of protection from cold
 R - a ring of resist corrosion
 S - the ring of the Building Gods {AC+4 Str+2}
   (You found it on level 2 of the Spider Nest)

   [ring of protection]

   AC:        It affects your AC (+4).
   Str:       It affects your strength (+2).
 T - a +6 ring of dexterity (right hand)
Wands
 A - a wand of iceblast (10)
 E - a wand of paralysis (6)
 V - a wand of polymorph (3)
 Z - a wand of flame (21)
Scrolls
 f - 2 scrolls of summoning
 i - 4 scrolls of fog
 j - 9 scrolls of teleportation
 m - 2 scrolls of magic mapping
 o - 2 scrolls of brand weapon
 r - a scroll of blinking
 v - a scroll of acquirement
 y - 2 scrolls of enchant weapon
 D - a scroll of silence {unknown}
 N - 2 scrolls of noise {unknown}
 W - 6 scrolls of fear
Potions
 d - 5 potions of might
 e - 3 potions of berserk rage
 g - 4 potions of magic
 h - 4 potions of ambrosia
 k - 8 potions of curing
 l - a potion of experience {unknown}
 p - 2 potions of resistance
 x - 9 potions of mutation
 B - 4 potions of attraction
 J - 2 potions of lignification {unknown}
 L - 8 potions of flight
 O - 2 potions of heal wounds
 P - a potion of invisibility
 Q - 2 potions of cancellation
 Y - 4 potions of haste
Miscellaneous
 q - a phantom mirror
 z - a piece from Xom's chessboard (15/15)


   Skills:
 + Level 15.3 Fighting
 + Level 18.5(19.6) Axes
 + Level 11.2(16.1) Polearms
 + Level 12.7 Throwing
 + Level 17.4 Armour
 + Level 4.9 Dodging
 + Level 3.0 Stealth
 + Level 18.1 Shields
 + Level 0.2 Spellcasting
 + Level 0.7 Necromancy
 + Level 0.2 Invocations
 + Level 1.5 Evocations


You had 15 spell levels left.
You knew the following spells:

 Your Spells              Type           Power      Damage    Failure   Level
a - Animate Skeleton      Necr           0%         N/A       96%         1

Your spell library contained the following spells:

 Spells                   Type           Power      Damage    Failure   Level
 Apportation              Tloc           0%         N/A       99%         1
 Magic Dart               Conj           0%         1d3       99%         1
 Shock                    Conj/Air       0%         1d3       99%         1
 Summon Small Mammal      Summ           0%         N/A       99%         1
 Call Imp                 Summ           0%         N/A       99%         2
 Scorch                   Fire           0%         2d5       99%         2
 Sublimation of Blood     Necr           0%         N/A       99%         2
 Call Canine Familiar     Summ           0%         N/A       100%        3
 Frozen Ramparts          Ice            0%         1d2       100%        3
 Ignite Poison            Fire/Tmut/Pois 0%         N/A       100%        3
 Mephitic Cloud           Conj/Pois/Air  0%         N/A       100%        3
 Summon Guardian Golem    Hex/Summ       0%         N/A       100%        3
 Swiftness                Air            0%         N/A       100%        3
 Tukima's Dance           Hex            0%         N/A       100%        3
 Airstrike                Air            0%         N/A       100%        4
 Flame Wave               Conj/Fire      0%         2d4       100%        4
 Ice Form                 Ice/Tmut       0%         N/A       100%        4
 Passage of Golubria      Tloc           0%         N/A       100%        4
 Petrify                  Tmut/Erth      0%         N/A       100%        4
 Summon Ice Beast         Ice/Summ       0%         N/A       100%        4
 Freezing Cloud           Conj/Ice/Air   0%         6-21      100%        5
 Irradiate                Conj/Tmut      0%         3d13      100%        5
 Yara's Violent Unravell  Hex/Tmut       0%         3d3       100%        5
 Summon Cactus Giant      Summ           0%         N/A       100%        6


Dungeon Overview and Level Annotations

Branches:
Dungeon (13/15)            Temple (0/1) D:7            Lair (6/6) D:11
 Shoals (3/4) Lair:4       Spider (4/4) Lair:4        Slime (0/5) Lair:6
    Orc (2/2) D:10            Elf (1/3) Orc:2         Sewer (visited)
 Bailey (visited)
 Vaults: D:13-14

Altars:
Dithmenos
Elyvilon
Qazlal
Ru
Sif Muna
Uskayaw
Vehumet
Xom
Zin

Shops:
D:2 *   D:6 :   D:11 :   D:12 *   D:13 *   Orc:2 ([?([[[=   Shoals:1 *

Annotations:
Lair:5 exclusion: orange crystal statue
Lair:6 exclusion: oklob plant
Shoals:2 1 runed translucent door, Hushuuso's ghost, adept SpAE
Elf:1 1 runed translucent door, Wicel's ghost, adept MiBe


Innate Abilities, Weirdness & Mutations

You have a pair of horns on your head.
You reflexively headbutt those who attack you in melee.
You sometimes lose the ability to read scrolls when taking damage.


Message History

You feel much better.
You feel yourself speed up.
You feel very sick.
You block the demonic crawler's attack. x3
The jorogumo stares at you and mumbles some strange words.
The bolt of negative energy hits you!!
You feel drained.
You feel threatened and lose the ability to read scrolls!
* * * LOW HITPOINT WARNING * * *
The demonic crawler shrieks in warning!
The radroach barely misses you. x2
The jorogumo stares at you and mumbles some strange words.
The stream of webbing hits you but does no damage.
You are caught in a web!
The jumping spider leaps!
You feel much better.
You feel sick.
The demonic crawler hits you but does no damage.
The demonic crawler hits you!
* * * LOW HITPOINT WARNING * * *
You feel protected from physical attacks.
The demonic crawler hits you but does no damage.
The jorogumo barely misses you. You furiously retaliate!
You headbutt the jorogumo.
The radroach bites you but does no damage.
The radroach completely misses you.
The demonic crawler hits you but does no damage.
The demonic crawler barely misses you. The demonic crawler hits you!
* * * LOW HITPOINT WARNING * * *
You cannot read scrolls in your current state!
You feel sick. The jorogumo closely misses you.
You block the radroach's attack. x2
The demonic crawler hits you but does no damage. x2
The demonic crawler closely misses you.
The jumping spider leaps!
The jorogumo casts a spell at you.
The bolt of negative energy is repelled.
The demonic crawler attacks as you move away!
The demonic crawler barely misses you.
The demonic crawler hits you but does no damage.
You block the demonic crawler's attack.
You feel sick.
The radroach erupts in a fountain of uncontrolled magic!
You are blasted with magical radiation!!!
You die...

#..## ##...# #..### ###..##
##.....##### #.?.....#^..## #####
### #.......#.....##s#.### #.#
##..^#...##...☼H>°....#### #..
..(..#^...###..☼@B....^#.## ##.
#...##....#^#.☼.§°☼..<....## #.
######......##.............# ##
###.....#...........### #.
#......##^.........#.######
#######.......#s...>...###..#...#
#.#.^####.....#........#...^#....
..#..##.###...........##....^....
....##....#^....#.....<###^......


You could see a jorogumo, a radroach, a demonic crawler and a jumping spider.

Vanquished Creatures
  Nikola (Shoals:1)
  A sphinx (D:12)
  Frances (D:12)
  Polyphemus (Shoals:2)
  Ilsuiw (Shoals:3)
  3 ghost moths
  An orc warlord (Orc:1)
  An emperor scorpion (Spider:2)
  2 frost giants (D:12)
  3 broodmothers (Spider:2)
  A deep elf demonologist (Elf:1)
  5 entropy weavers
  Snorg (D:12)
  A spark wasp (Spider:3)
  An ettin (D:12)
  2 fire dragons
  2 merfolk javelineers
  4 merfolk impalers
  5 hydras
  A merfolk avatar (Shoals:3)
  3 alligator snapping turtles
  3 radroaches
  A death knight (D:13)
  4 boulder beetles
  3 jorogumos (Spider:2)
  6 two-headed ogres
  2 catoblepae
  6 merfolk aquamancers
  A centaur warrior (D:13)
  A satyr (Shoals:2)
  6 orc high priests
  10 death yaks
  A deep elf knight (Elf:1)
  6 pharaoh ants
  A sun moth (Spider:2)
  7 sea snakes
  8 steelbarb worms
  7 orb spiders
  A lindwurm (Lair:5)
  A deep elf archer (Elf:1)
  A phantasmal warrior (D:12)
  6 harpies
  10 deep elf zephyrmancers (Elf:1)
  8 deep elf pyromancers
  15 wolf spiders
  6 orc knights
  6 orc sorcerers
  2 ugly things
  3 cyclopes
  14 manticores
  14 fauns
  2 slime creatures (D:13)
  A moth of wrath (Spider:2)
  24 elephants
  7 merfolk sirens
  8 black mambas
  5 torpor snails
  9 water nymphs
  4 unseen horrors
  2 molten gargoyles (Lair:6)
  2 gargoyles (D:11)
  4 demonic crawlers
  11 cane toads
  A kobold demonologist (D:12)
  A rime drake (Lair:5)
  15 komodo dragons
  14 merfolk
  7 trolls
  3 wind drakes
  A hornet (D:7)
  8 snapping turtles
  4 polar bears
  4 dream sheep (Lair:6)
  18 tarantellas
  27 blink frogs
  A blink frog (shapeshifter) (D:13)
  15 jumping spiders
  11 culicivoras
  8 spriggans (Lair:1)
  2 wraiths
  9 wyverns
  11 basilisks
  62 yaks
  A vampire (D:6)
  Eustachio (D:4)
  3 air elementals (Elf:1)
  5 water elementals
  2 fire elementals (Elf:1)
  55 redbacks
  2 steam dragons (Lair:6)
  An acid dragon (D:12)
  5 wargs
  3 hell hounds (Lair:6)
  Edmund (D:6)
  18 water moccasins
  21 orc warriors
  2 black bears (D:6)
  2 ice beasts
  2 sky beasts
  7 centaurs
  11 ogres
  41 wolves
  A phantom (D:5)
  4 kobold brigands
  18 bullfrogs
  A gnoll sergeant (D:7)
  11 wights
  16 killer bees
  6 howler monkeys
  An electric eel (Lair:4)
  2 centaur zombies (D:9)
  8 lava snakes
  2 jellies (D:7)
  2 hounds
  15 orc priests
  3 gnoll shamans
  2 iguanas (D:4)
  18 orc wizards
  A centaur simulacrum (D:9)
  A mummy (D:9)
  23 gnolls
  11 adders
  8 river rats
  2 white imps
  An ufetubus (D:7)
  3 worms
  47 orcs
  3 bats
  10 endoplasms
  7 giant cockroaches
  12 goblins
  6 hobgoblins
  3 jackals (D:1)
  6 quokkas
  21 ball pythons
  3 frilled lizards
  18 kobolds
  24 rats
1005 creatures vanquished.

Vanquished Creatures (collateral kills)
  A jorogumo (Spider:2)
  A merfolk avatar (Shoals:1)
  A faun (Shoals:1)
  A wolf spider (Spider:2)
  2 merfolk (Shoals:1)
  A jumping spider (Spider:2)
7 creatures vanquished.

Vanquished Creatures (others)
  2 merfolk (Shoals:1)
  51 fungi
  149 plants
  2 withered plants (D:9)
204 creatures vanquished.

Grand Total: 1216 creatures vanquished

Notes
Turn   | Place    | Note
-------+----------+-------------------------------------------
     0 | D:1      | chopper the Minotaur Fighter began the quest for the Orb.
     0 | D:1      | Reached XP level 1. HP: 19/19 MP: 0/0
   325 | D:1      | Reached XP level 2. HP: 27/27 MP: 1/1
   618 | D:1      | Reached XP level 3. HP: 33/33 MP: 2/2
  1066 | D:2      | Found a stormy altar of Qazlal.
  1792 | D:2      | Found Feass's Assorted Antiques.
  1961 | D:2      | Became a worshipper of Qazlal Stormbringer
  2254 | D:3      | Found a faded altar of an unknown god.
  2698 | D:3      | Reached XP level 4. HP: 40/40 MP: 3/3
  2793 | D:3      | Reached skill level 1 in Dodging
  2959 | D:3      | Reached * piety under Qazlal
  3374 | D:4      | Found a glowing drain.
  3649 | Sewer    | Entered a sewer
  3679 | Sewer    | Reached skill level 5 in Armour
  3679 | Sewer    | Reached XP level 5. HP: 35/46 MP: 4/4
  3893 | Sewer    | Reached ** piety under Qazlal
  4138 | Sewer    | Reached skill level 5 in Axes
  4200 | Sewer    | Reached XP level 6. HP: 31/53 MP: 5/5
  4446 | D:4      | Noticed Eustachio
  4458 | D:4      | Killed Eustachio
  4459 | D:4      | Reached XP level 7. HP: 44/60 MP: 6/6
  4757 | D:4      | Reached skill level 5 in Shields
  4904 | D:4      | Found a white marble altar of Elyvilon.
  4930 | D:4      | Found a shimmering altar of Xom.
  5007 | D:4      | Identified the +6 spear of Untruth {elec, SInv}
  5581 | D:5      | Entered Level 5 of the Dungeon
  5619 | D:5      | Reached skill level 5 in Fighting
  6030 | D:5      | Found a sacrificial altar of Ru.
  6199 | D:5      | Reached skill level 1 in Polearms
  6433 | D:5      | Reached XP level 8. HP: 69/69 MP: 7/7
  7128 | D:6      | Found Riupn's Book Shop.
  7292 | D:6      | Noticed Edmund
  7312 | D:6      | Killed Edmund
  7318 | D:6      | Reached *** piety under Qazlal
  7319 | D:6      | Reached skill level 5 in Polearms
  7406 | D:6      | Reached XP level 9. HP: 60/78 MP: 8/8
  7975 | D:7      | HP: 1/78 [wyvern (7)]
  8107 | D:7      | Reached skill level 1 in Stealth
  8821 | D:7      | Found a staircase to the Ecumenical Temple.
 10100 | D:8      | Reached skill level 1 in Throwing
 10276 | D:8      | Found a flagged portal.
 10302 | Bailey   | Entered a bailey
 10511 | Bailey   | Noticed an orc knight
 10521 | Bailey   | Killed an orc knight
 10521 | Bailey   | Reached **** piety under Qazlal
 10522 | Bailey   | Reached XP level 10. HP: 78/88 MP: 9/9
 10776 | D:8      | Found a shimmering blue altar of Sif Muna.
 10776 | D:8      | Found a hide-covered altar of Uskayaw.
 11266 | D:8      | Reached skill level 10 in Armour
 11747 | D:9      | Noticed a manticore
 11752 | D:9      | Killed a manticore
 11930 | D:9      | Noticed a two-headed ogre
 11983 | D:9      | Killed a two-headed ogre
 12419 | D:9      | Noticed a boulder beetle
 12482 | D:9      | Killed a boulder beetle
 12798 | D:9      | Noticed a deep elf pyromancer
 12813 | D:9      | Killed a deep elf pyromancer
 13203 | D:9      | Reached XP level 11. HP: 97/97 MP: 10/10
 13241 | D:9      | Identified the +1 robe of Loss {Int+3 Slay+2}
 13570 | D:10     | Entered Level 10 of the Dungeon
 14110 | D:10     | Reached skill level 10 in Shields
 14120 | D:10     | Noticed a two-headed ogre
 14121 | D:10     | Found a staircase to the Orcish Mines.
 14213 | D:9      | Killed a two-headed ogre
 14406 | D:10     | Noticed a two-headed ogre
 14418 | D:10     | Killed a two-headed ogre
 14936 | D:10     | Learned a level 1 spell: Animate Skeleton
 14984 | Orc:1    | Entered Level 1 of the Orcish Mines
 15060 | Orc:1    | Noticed an orc knight
 15133 | D:10     | Killed an orc knight
 15134 | D:10     | Reached skill level 10 in Polearms
 15163 | Orc:1    | Reached skill level 5 in Throwing
 15666 | Orc:2    | Entered Level 2 of the Orcish Mines
 15796 | Orc:2    | Found Zugodd's Jewellery Emporium.
 16158 | Orc:2    | Noticed an orc warlord
 16383 | Orc:2    | Noticed an orc sorcerer
 16401 | Orc:1    | Killed an orc warlord
 16633 | Orc:1    | Paralysed by an orc sorcerer for 6 turns
 16643 | Orc:1    | Killed an orc sorcerer
 16643 | Orc:1    | Reached ***** piety under Qazlal
 16876 | Orc:2    | Reached XP level 12. HP: 98/104 MP: 11/11
 16932 | Orc:2    | Found Jidudd's Antique Armour Shoppe.
 16937 | Orc:2    | Found a staircase to the Elven Halls.
 17113 | Orc:2    | Noticed an orc high priest
 17123 | Orc:2    | Killed an orc high priest
 17186 | Orc:2    | Noticed an orc high priest
 17198 | Orc:2    | Killed an orc high priest
 17771 | Orc:2    | Found Jiov's Armour Emporium.
 17780 | Orc:2    | Found a radiant altar of Vehumet.
 18141 | Orc:2    | Paralysed by an orc sorcerer for 7 turns
 18506 | Orc:2    | Paralysed by an orc sorcerer for 2 turns
 18668 | Orc:2    | Paralysed by an orc sorcerer for 7 turns
 19223 | Orc:2    | Noticed an orc high priest
 19302 | Orc:2    | Killed an orc high priest
 19365 | Orc:2    | Bought a +2 pair of gloves of strength for 236 gold pieces
 19514 | Orc:2    | Found Qeduin's Weapon Boutique.
 19518 | Orc:2    | Found Ofeiw's Armour Emporium.
 19528 | Orc:2    | Found Qachecic's Antique Weapon Emporium.
 19530 | Orc:2    | Found Raghy's Magic Scroll Boutique.
 19580 | Orc:2    | Found Qiklim's Armour Shoppe.
 19702 | D:10     | Found a glowing silver altar of Zin.
 19749 | D:11     | Noticed a two-headed ogre
 19769 | D:10     | Killed a two-headed ogre
 19815 | D:10     | Reached skill level 10 in Fighting
 20120 | D:11     | Found a staircase to the Lair.
 20811 | D:11     | Found Ufoathug's Book Shoppe.
 20925 | D:11     | Reached skill level 1 in Evocations
 21095 | Lair:1   | Entered Level 1 of the Lair of Beasts
 21186 | Lair:1   | Reached XP level 13. HP: 104/114 MP: 12/12
 21615 | Lair:1   | Reached skill level 10 in Axes
 22509 | Lair:2   | Reached ****** piety under Qazlal
 25148 | Lair:4   | Reached XP level 14. HP: 76/125 MP: 13/13
 26108 | Lair:4   | You fall into a shaft and drop 2 floors!
 26108 | Lair:6   | Entered Level 6 of the Lair of Beasts
 27185 | Lair:4   | Found a hole to the Spider Nest.
 27357 | Lair:4   | Found a staircase to the Shoals.
 27468 | Spider:1 | Entered Level 1 of the Spider Nest
 29193 | Shoals:1 | Entered Level 1 of the Shoals
 29946 | Lair:4   | Reached XP level 15. HP: 41/134 MP: 14/14
 31872 | Lair:5   | Reached skill level 15 in Shields
 31877 | Lair:5   | Reached skill level 15 in Armour
 31943 | Lair:5   | Found a shadowy altar of Dithmenos.
 32642 | Lair:6   | Reached skill level 15 in Axes
 33779 | Elf:1    | Entered Level 1 of the Elven Halls
 34082 | Elf:1    | Paralysed by an air elemental for 1 turns
 34291 | Elf:1    | Paralysed by an air elemental for 1 turns
 34296 | Elf:1    | Paralysed by an air elemental for 1 turns
 34470 | Elf:1    | Paralysed by an air elemental for 1 turns
 34484 | Elf:1    | Found a runed translucent door.
 34484 | Elf:1    | Noticed Wicel's ghost (adept MiBe)
 35983 | Lair:6   | Found a staircase to the Slime Pits.
 36342 | Lair:6   | Found a large runed translucent door.
 36342 | Lair:6   | Found a large runed translucent door.
 37202 | D:12     | Noticed Snorg
 37212 | D:12     | Killed Snorg
 37414 | D:12     | Noticed Frances
 37426 | D:12     | Killed Frances
 37507 | D:12     | Found Hyelai's Changing Room.
 37761 | D:12     | Reached skill level 10 in Throwing
 38410 | Orc:2    | Bought the +8 mithril axe "Arga" {speed, Will+} for 1873
                  | gold pieces
 38410 | Orc:2    | Found the +8 mithril axe "Arga" {speed, Will+}
 38834 | Spider:2 | Reached XP level 16. HP: 101/145 MP: 15/15
 39063 | Spider:2 | Identified the ring of the Building Gods {AC+4 Str+2}
 42653 | D:13     | Found a huge runed gate.
 42653 | D:13     | Found a huge runed gate.
 42654 | D:13     | Found a huge runed gate.
 42654 | D:13     | Found a huge runed gate.
 42654 | D:13     | Found a huge runed gate.
 42655 | D:13     | Found a huge runed gate.
 42656 | D:13     | Found a huge runed gate.
 42657 | D:13     | Found a huge runed gate.
 42658 | D:13     | Found a huge runed gate.
 42676 | D:13     | Found a huge runed gate.
 42676 | D:13     | Found a huge runed gate.
 42678 | D:13     | Found a huge runed gate.
 42694 | D:13     | Found a huge runed gate.
 42694 | D:13     | Found a huge runed gate.
 42694 | D:13     | Found a huge runed gate.
 42695 | D:13     | Found a huge runed gate.
 42696 | D:13     | Found a huge runed gate.
 42697 | D:13     | Found a huge runed gate.
 42699 | D:13     | Found a huge runed gate.
 42700 | D:13     | Found a huge runed gate.
 42701 | D:13     | Found a huge runed gate.
 42709 | D:13     | Found a huge runed gate.
 42709 | D:13     | Found a huge runed gate.
 42709 | D:13     | Found a huge runed gate.
 42709 | D:13     | Found a huge runed gate.
 42709 | D:13     | Found a huge runed gate.
 42731 | D:13     | Found a huge runed gate.
 42731 | D:13     | Found a huge runed gate.
 42733 | D:13     | Found a huge runed gate.
 42734 | D:13     | Found a huge runed gate.
 42736 | D:13     | Found a huge runed gate.
 42736 | D:13     | Found a huge runed gate.
 42736 | D:13     | Found a huge runed gate.
 42738 | D:13     | Found a huge runed gate.
 42739 | D:13     | Found a huge runed gate.
 42740 | D:13     | Found a huge runed gate.
 42794 | D:13     | Found Kasauxew's Assorted Antiques.
 43033 | D:13     | Noticed a storm dragon
 43049 | D:13     | Noticed a sphinx
 43224 | D:12     | Paralysed by a sphinx for 3 turns
 43225 | D:12     | Killed a sphinx
 45369 | Shoals:1 | Noticed Nikola
 45456 | Shoals:1 | Found Jigho Qaulink's Overcharged Wands.
 45648 | Shoals:1 | Killed Nikola
 46906 | Shoals:2 | Found a runed translucent door.
 46908 | Shoals:2 | Found a shimmering altar of Xom.
 46908 | Shoals:2 | Noticed Hushuuso's ghost (adept SpAE)
 47182 | Shoals:2 | Reached XP level 17. HP: 153/154 MP: 16/16
 47234 | Shoals:2 | Noticed Polyphemus
 47254 | Shoals:2 | Killed Polyphemus
 49738 | Shoals:3 | Noticed Ilsuiw
 50139 | Shoals:3 | Killed Ilsuiw
 52056 | Spider:2 | You fall into a shaft and drop 1 floor!
 52087 | Spider:3 | Reached skill level 15 in Fighting
 53014 | Spider:3 | Identified 2 scrolls of acquirement
 53026 | Spider:3 | Acquired 663 gold pieces
 54878 | Spider:4 | Entered Level 4 of the Spider Nest
 55742 | Spider:3 | Gained mutation: You sometimes lose the ability to read
                  | scrolls when taking damage. [mutagenic glow]
 55746 | Spider:3 | Annihilated by a radroach

Illustrated notes

Levels and vault maps discovered:
D:1:      elethiomel_arrival_fortress_basement, layout_rooms
D:2:      layout_basic, basic_altar, serial_shops, shop
D:3:      layout_basic, serial_forest, infiniplex_forest_straight_2,
          infiniplex_forest_straight_5, infiniplex_forest_straight_4,
          infiniplex_forest_lined_room_2, infiniplex_forest_zigzag_1,
          infiniplex_forest_clump_tiny,
          hellmonk_ecumenical_altar_pennies_from_heaven, minmay_goblin_outpost
D:4:      layout_basic, mainiacjoe_overflow_catch_the_wave,
          portal_sewer_entry_a, uniq_eustachio
D:5:      layout_loops_cross, nicolae_ru_path_of_blood
D:6:      layout_loops_ring, serial_shops, shop, nrook_loot_triangle,
          uniq_edmund
D:7:      layout_layer_cave, minmay_temple_entry_mini_moons
D:8:      layout_gridville, gammafunk_temple_overflow_elements, enter_bailey_6
D:9:      layout_loops_ring, serial_undead, serial_undead_c, serial_undead_b,
          serial_undead_b, serial_undead_d, kb_rosetta
D:10:     kennysheep_ambush_hall, layout_irregular_city,
          mainiacjoe_overflow_surrounded_room, orc_0_dummy
D:11:     layout_irregular_city, lair_entry_dummy, serial_shops,
          nicolae_shop_statue_plus
D:12:     layout_long_grid, nicolae_transmutations_shop, uniq_snorg,
          uniq_frances
D:13:     layout_irregular_city, serial_shops, nicolae_shop_hallway_stairs,
          door_vault
Lair:1:   kb_forest_paths, layout_loops_ring, chequers_serial_rivers_micro_b,
          st_stairs_12, dreamdust_mushroom_princess, lemuel_old_faithful
Lair:2:   layout_loops_ring
Lair:3:   layout_misc_corridors, serial_forest,
          infiniplex_forest_clump_diagonal, infiniplex_forest_end_1,
          infiniplex_forest_zigzag_1, infiniplex_forest_zigzag_1,
          infiniplex_forest_straight_5, infiniplex_forest_lined_2
Lair:4:   layout_small_grid, minmay_shoals_entry_lonely_mermaid,
          spider_nest_entry_a, serial_forest, infiniplex_forest_end_2,
          infiniplex_forest_lined_corner, infiniplex_forest_lined_4_way,
          infiniplex_forest_clump_tiny, infiniplex_forest_clump_diagonal,
          infiniplex_forest_corner_1, infiniplex_forest_clump_cross,
          nzn_sisyphean_effort, infiniplex_staircase_pool
Lair:5:   layout_regular_city, serial_forest, infiniplex_forest_pool,
          infiniplex_forest_clump_double, infiniplex_forest_end_1,
          infiniplex_forest_end_2, infiniplex_forest_lined_4_way,
          infiniplex_forest_end_2, infiniplex_forest_zigzag_1,
          infiniplex_forest_fountain, basic_altar, disabler_island
Lair:6:   cheibrodos_lair_end_hotspot, layout_regular_city,
          minmay_slime_entry_oklob_enclosed, lemuel_fruit_tree
Shoals:1: layout_shoals, nicolae_shop_overcharged_wands, uniq_nikola
Shoals:2: layout_shoals, ebering_ghost_xom, nicolae_shoals_aquamancer_cove,
          uniq_polyphemus
Shoals:3: layout_shoals, uniq_ilsuiw
Spider:1: layout_spider_delve
Spider:2: nicolae_spider_hilbert_zone_2 [nicolae_spider_hilbert_4_sides_1_open,
          nicolae_spider_hilbert_4_sides_1_open,
          nicolae_spider_hilbert_4_sides_1_open,
          nicolae_spider_hilbert_4_sides_1_open,
          nicolae_spider_hilbert_6_sides_1_open,
          nicolae_spider_hilbert_6_sides_1_open,
          nicolae_spider_hilbert_3_sides_1_open,
          nicolae_spider_hilbert_3_sides_1_open,
          nicolae_spider_hilbert_3_sides_1_open,
          nicolae_spider_hilbert_3_sides_1_open,
          nicolae_spider_hilbert_6_sides_1_open,
          nicolae_spider_hilbert_6_sides_1_open,
          nicolae_spider_hilbert_6_sides_1_open,
          nicolae_spider_hilbert_6_sides_1_open], nicolae_orb_stairs
Spider:3: layout_spider_delve
Spider:4: floodkiller_spider_rune_tomb
Orc:1:    layout_diamond_mine
Orc:2:    st_orc_elflike, layout_diamond_mine, basic_altar, serial_shops,
          nicolae_shop_trees, shop, nicolae_shop_competitors_out_of_business,
          shop
Elf:1:    nicolae_elf_arrival_no_cutting_in_line, layout_rooms,
          hellmonk_ghost_happy_afterlife, serial_shops, shop,
          minmay_elf_demonology, hellmonk_bongcloud_opening

Skill      XL: |  1  2  3  4  5  6  7  8  9 10 11 12 13 14 15 16 17 |
---------------+----------------------------------------------------+-----
Armour         | 4 5 7 8 9 11 13 14 15 16 17 | 17.4
Fighting       | 4 5 6 7 9 10 11 12 13 14 15 | 15.3
Axes           | 3 4 5 6 7 9 12 14 16 17 18 | 18.5
Shields        | 4 5 6 8 9 11 12 13 14 16 17 18 | 18.1
Dodging        | 1 2 3 4 |  4.9
Polearms       | 1 5 7 9 10 11 | 11.2
Stealth        | 1 2 3 |  3.0
Throwing       | 1 2 6 7 8 10 11 12 | 12.7
Evocations     | 1 |  1.5
Spellcasting   | |  0.2
Necromancy     | |  0.7
Invocations    | |  0.2

Action                   |  1- 3 |  4- 6 |  7- 9 | 10-12 | 13-15 | 16-18 || total
-------------------------+-------+-------+-------+-------+-------+-------++-------
Melee: War axe           |   100 |   117 |     9 |   157 |  1075 |       ||  1458
       Headbutt          |    11 |    13 |    52 |   144 |   333 |   214 ||   767
       Spear             |       |       |   257 |   432 |       |       ||   689
       Broad axe         |       |       |       |       |    11 |   671 ||   682
Throw: Javelin           |       |     2 |     5 |       |       |       ||     7
       Boomerang         |       |       |     7 |   156 |   221 |   380 ||   764
Invok: Upheaval          |       |       |       |     1 |       |       ||     1
Evoke: Wand              |       |       |     2 |     5 |     3 |     5 ||    15
  Use: Scroll            |       |     7 |     4 |    12 |    16 |    12 ||    51
       Potion            |       |       |     5 |     4 |     4 |     5 ||    18
 Stab: Petrified         |       |       |       |       |       |     7 ||     7
       Petrifying        |       |       |       |       |       |     3 ||     3
Armor: Scale mail        |    36 |       |       |       |       |       ||    36
       Chain mail        |    21 |    97 |    80 |       |       |       ||   198
       Plate armour      |       |       |    55 |   199 |   544 |   407 ||  1205
       Skin              |       |       |     1 |       |       |       ||     1
Dodge: Dodged            |    40 |    70 |   100 |   118 |   289 |   302 ||   919
       Repelled          |       |       |       |     3 |     8 |     9 ||    20
Block: Buckler           |    31 |    85 |   137 |   339 |   915 |   679 ||  2186

Table legend: (Time is in decaauts)
 A = Elapsed time spent in this place.
 B = Non-inter-level travel time spent in this place.
 C = Inter-level travel time spent in this place.
 D = Time resting spent in this place.
 E = Time spent auto-exploring this place.
 F = Levels seen in this place.
 G = Mean time per level.
                   A        B        C        D        E       F      G
               +--------+--------+--------+--------+--------+-----+--------+
         Total |  55478 |  55334 |    144 |  18277 |     23 |  31 | 1789.6 |
       Dungeon |  19707 |  19690 |     17 |   4614 |      0 |  13 | 1515.9 |
          Lair |  13434 |  13311 |    123 |   3631 |      0 |   6 | 2239.0 |
        Shoals |   6109 |   6106 |      3 |   2496 |     13 |   3 | 2036.3 |
   Spider Nest |   8468 |   8467 |      1 |   4118 |      0 |   4 | 2117.0 |
  Orcish Mines |   5485 |   5485 |      0 |   2453 |      0 |   2 | 2742.5 |
   Elven Halls |   1155 |   1155 |      0 |    522 |      0 |   1 | 1155.0 |
         Sewer |    799 |    799 |      0 |    407 |      0 |   1 |  799.0 |
        Bailey |    319 |    319 |      0 |     36 |     10 |   1 |  319.0 |
               +--------+--------+--------+--------+--------+-----+--------+

Top non-repeatable levels by time:
  Lair:4: 4196 daAuts
Spider:2: 3227 daAuts
   Orc:2: 3064 daAuts
Spider:1: 2840 daAuts
  Lair:6: 2724 daAuts
Shoals:1: 2422 daAuts
   Orc:1: 2421 daAuts
  Lair:1: 2390 daAuts
Spider:3: 2384 daAuts
    D:11: 2076 daAuts
     D:7: 2032 daAuts
Shoals:3: 1911 daAuts
    D:10: 1891 daAuts
    D:12: 1803 daAuts
Shoals:2: 1774 daAuts
